APP
KINGSPORT METS @ DANVILLE BRAVES
09/16/2044
 
TOP OF THE 1ST
Kingsport Mets batting - Pitching for Danville Braves : RHP Jeremy Mash
Pitching: RHP Jeremy Mash
Batting: RHB John Jones 0-0: Called Strike
0-1: Ball
1-1: Foul Ball, location: 2F
1-2: Strikes out swinging
Batting: RHB Josh Jones 0-0: Ball
1-0: Foul Ball, location: 2F
1-1: Ball
2-1: SINGLE (Line Drive, 5D, EV 103.8 MPH)
Batting: RHB Kyle Holland 0-0: Ball
1-0: SINGLE (Line Drive, 8RS, EV 88.8 MPH)
Josh Jones to second
Runner from 2nd tries for 3rd, SAFE, throw by CF made to third
Batting: RHB Steve Page 0-0: Ball
Kyle Holland is caught stealing 2nd base 2-4
1-0: Ball
2-0: Foul Ball, location: 2F
2-1: Called Strike
2-2: Foul Ball, location: 2F
2-2: Ball
3-2: Strikes out swinging
Top of the 1st over - 0 runs, 2 hits, 0 errors, 1 left on base; Kingsport 0 - Danville 0
BOTTOM OF THE 1ST
Danville Braves batting - Pitching for Kingsport Mets : RHP John Mason
Pitching: RHP John Mason
Batting: RHB Hisayuki Akiyama 0-0: Called Strike
0-1: Ball
1-1: Ball
2-1: Fly out, F6 (Popup, 6MD, EV 26.9 MPH)
Batting: LHB Oke Monti 0-0: Ball
1-0: Ball
2-0: Called Strike
2-1: Ball
3-1: Foul Ball, location: 2F
3-2: Base on Balls
Batting: LHB Erik Gretzky 0-0: Foul Ball, location: 2F
0-1: Ball
1-1: Ball
2-1: Ball
3-1: Swinging Strike
3-2: Fly out, F6 (Popup, P, EV 80.6 MPH)
Batting: LHB Alexis Cantu 0-0: Ball
1-0: Ground out 4-3 (Groundball, 4, EV 84.4 MPH)
Bottom of the 1st over - 0 runs, 0 hits, 0 errors, 1 left on base; Kingsport 0 - Danville 0
TOP OF THE 2ND
Kingsport Mets batting - Pitching for Danville Braves : RHP Jeremy Mash
Batting: SHB Jason Evans 0-0: Ball
1-0: Ball
2-0: Ball
3-0: Called Strike
3-1: Called Strike
3-2: Strikes out swinging
Batting: SHB Callum Lynch 0-0: Foul Ball, location: 2F
0-1: Called Strike
0-2: Ground out U3 (Groundball, 3S, EV 83.8 MPH)
Batting: RHB Danny Runberg 0-0: Called Strike
0-1: SINGLE (Line Drive, 89S, EV 101.2 MPH)
Batting: RHB Jack Nickleberry 0-0: Called Strike
0-1: Swinging Strike
0-2: Ball
1-2: Ball
2-2: Ball
3-2: Foul Ball, location: 2F
3-2: Ground out 5-3 (Groundball, 56S, EV 73.8 MPH)
Top of the 2nd over - 0 runs, 1 hit, 0 errors, 1 left on base; Kingsport 0 - Danville 0
BOTTOM OF THE 2ND
Danville Braves batting - Pitching for Kingsport Mets : RHP John Mason
Batting: RHB Ingidayehu Lagat 0-0: Foul Ball, location: 2F
0-1: Ball
1-1: Ball
2-1: Ball
3-1: Called Strike
3-2: Foul Ball, location: 2F
3-2: Fly out, F3 (Line Drive, 3, EV 62.5 MPH)
Batting: RHB Zach Hulme 0-0: Ball
1-0: Swinging Strike
1-1: Ball
2-1: Foul Ball, location: 2F
2-2: Ball
3-2: Base on Balls
Batting: RHB Armando Moz 0-0: Ball
Zach Hulme steals 2nd base
1-0: Ground out 5-3 (Groundball, 56, EV 85.0 MPH)
Batting: SHB Ian Arlotta 0-0: Called Strike
0-1: Ball
1-1: Foul Ball, location: 2F
1-2: Ball
2-2: Foul Ball, location: 2F
2-2: Foul Ball, location: 2F
2-2: Foul Ball, location: 2F
2-2: Ball
3-2: Base on Balls
Batting: RHB Adonis Jenifer 0-0: 3-RUN HOME RUN (Flyball, 7LD, EV 89.4 MPH), Distance : 328 ft
Batting: RHB Hisayuki Akiyama 0-0: Called Strike
0-1: Ball
1-1: Ball
2-1: Ball
3-1: Base on Balls
Batting: LHB Oke Monti 0-0: Ball
1-0: Called Strike
Hisayuki Akiyama steals 2nd base
1-1: Foul Ball, location: 2F
1-2: Ball
2-2: Strikes out swinging
Bottom of the 2nd over - 3 runs, 1 hit, 0 errors, 1 left on base; Kingsport 0 - Danville 3
TOP OF THE 3RD
Kingsport Mets batting - Pitching for Danville Braves : RHP Jeremy Mash
Batting: LHB Mototsune Suzuki 0-0: Ground out 5-3 (Groundball, 56, EV 78.1 MPH)
Batting: RHB John Jones 0-0: Ball
1-0: Foul Ball, location: 2F
1-1: Ball
2-1: Swinging Strike
2-2: Ball
3-2: Base on Balls
Batting: RHB Josh Jones 0-0: Called Strike
0-1: Ball
1-1: Ball
2-1: Ball
3-1: Called Strike
3-2: Ground out 4-3 (Groundball, 4, EV 110.0 MPH)
John Jones to second
Batting: RHB Kyle Holland 0-0: Fly out, F5 (Line Drive, 5, EV 67.5 MPH)
Top of the 3rd over - 0 runs, 0 hits, 0 errors, 1 left on base; Kingsport 0 - Danville 3
BOTTOM OF THE 3RD
Danville Braves batting - Pitching for Kingsport Mets : RHP John Mason
Batting: LHB Erik Gretzky 0-0: Ball
1-0: Called Strike
1-1: Foul Ball, location: 2F
1-2: Foul Ball, location: 2F
1-2: Strikes out swinging
Batting: LHB Alexis Cantu 0-0: Ball
1-0: Ball
2-0: Called Strike
2-1: Single, Error in OF, E9, batter to second base (Line Drive, 34D, EV 94.4 MPH)
Batting: RHB Ingidayehu Lagat 0-0: Ball
1-0: Foul Ball, location: 2F
1-1: Ball
Passed Ball!
Alexis Cantu to third
2-1: Foul Ball, location: 2F
2-2: Strikes out looking
Batting: RHB Zach Hulme 0-0: Ball
1-0: Ground out U3 (Groundball, 3L, EV 105.6 MPH)
Bottom of the 3rd over - 0 runs, 1 hit, 1 error, 1 left on base; Kingsport 0 - Danville 3
TOP OF THE 4TH
Kingsport Mets batting - Pitching for Danville Braves : RHP Jeremy Mash
Batting: RHB Steve Page 0-0: Foul Ball, location: 2F
0-1: Ball
1-1: Ball
2-1: Fly out, F4 (Flyball, 4D, EV 85.0 MPH)
Batting: SHB Jason Evans 0-0: Called Strike
0-1: Reached on error, E2 (Groundball, 15S, EV 61.9 MPH)
Batting: SHB Callum Lynch 0-0: Called Strike
0-1: Called Strike
0-2: Foul Ball, location: 2F
0-2: Foul Ball, location: 2F
0-2: Ball
1-2: Reached via error on a dropped throw from 1B, E1 (Groundball, 34S, EV 88.1 MPH)
Jason Evans to third
Batting: RHB Danny Runberg 0-0: Ball
Callum Lynch steals 2nd base
1-0: SINGLE (Groundball, 56D, EV 100.6 MPH)
Jason Evans scores
Callum Lynch to third
Batting: RHB Jack Nickleberry 0-0: Called Strike
0-1: Ball
1-1: Foul Ball, location: 2F
1-2: Fielders Choice at 2nd, 5-4 (Groundball, 5L, EV 80.6 MPH)
Callum Lynch scores
Batting: LHB Mototsune Suzuki 0-0: Foul Ball, location: 2F
0-1: Ball
Wild Pitch!
Jack Nickleberry to second
1-1: Called Strike
1-2: Strikes out swinging
Top of the 4th over - 2 runs, 1 hit, 2 errors, 1 left on base; Kingsport 2 - Danville 3
BOTTOM OF THE 4TH
Danville Braves batting - Pitching for Kingsport Mets : RHP John Mason
Batting: RHB Armando Moz 0-0: Fly out, F8 (Flyball, 8LXD, EV 100.6 MPH)
Batting: SHB Ian Arlotta 0-0: Called Strike
0-1: Foul Ball, location: 2F
0-2: Ball
1-2: Ball
2-2: Ball
3-2: Base on Balls
Batting: RHB Adonis Jenifer 0-0: Ball
1-0: Ball
Ian Arlotta steals 2nd base
2-0: Ball
3-0: Base on Balls
Batting: RHB Hisayuki Akiyama 0-0: Called Strike
0-1: Ball
Adonis Jenifer steals 2nd, throwing error, E2
Ian Arlotta scores
Adonis Jenifer to third
1-1: Called Strike
1-2: Strikes out swinging
Batting: LHB Oke Monti 0-0: Called Strike
0-1: Called Strike
0-2: Ball
1-2: Ball
2-2: Ball
3-2: Fly out, F8 (Flyball, 89D, EV 110.6 MPH)
Bottom of the 4th over - 1 run, 0 hits, 1 error, 1 left on base; Kingsport 2 - Danville 4
TOP OF THE 5TH
Kingsport Mets batting - Pitching for Danville Braves : RHP Jeremy Mash
Batting: RHB John Jones 0-0: Ball
1-0: Ball
2-0: Ball
3-0: Swinging Strike
3-1: DOUBLE (Line Drive, 7LS, EV 102.5 MPH)
Batting: RHB Josh Jones 0-0: Ball
1-0: Swinging Strike
1-1: Ground out 5-3 (Groundball, 56S, EV 88.1 MPH)
Batting: RHB Kyle Holland 0-0: Swinging Strike
0-1: Ball
1-1: Ground out 5-3 (Groundball, 5L, EV 85.6 MPH)
Batting: RHB Steve Page 0-0: Called Strike
0-1: Ground out U3 (Groundball, 3L, EV 84.4 MPH)
Top of the 5th over - 0 runs, 1 hit, 0 errors, 1 left on base; Kingsport 2 - Danville 4
BOTTOM OF THE 5TH
Danville Braves batting - Pitching for Kingsport Mets : RHP John Mason
Batting: LHB Erik Gretzky 0-0: Ball
1-0: Foul Ball, location: 2F
1-1: Foul Ball, location: 2F
1-2: Strikes out swinging
Batting: LHB Alexis Cantu 0-0: Foul Ball, location: 2F
0-1: Ball
1-1: Foul Ball, location: 2F
1-2: Strikes out swinging
Batting: RHB Ingidayehu Lagat 0-0: Called Strike
0-1: Ball
1-1: Ball
2-1: SINGLE (Line Drive, 9S, EV 101.2 MPH)
Batting: RHB Zach Hulme 0-0: Called Strike
0-1: Ball
1-1: Called Strike
1-2: Strikes out swinging
Bottom of the 5th over - 0 runs, 1 hit, 0 errors, 1 left on base; Kingsport 2 - Danville 4
TOP OF THE 6TH
Kingsport Mets batting - Pitching for Danville Braves : RHP Jeremy Mash
Batting: SHB Jason Evans 0-0: Ground out 4-3 (Groundball, 4, EV 86.2 MPH)
Batting: SHB Callum Lynch 0-0: DOUBLE (Line Drive, 9LS, EV 100.0 MPH)
Batting: RHB Danny Runberg 0-0: Ball
1-0: Foul Ball, location: 2F
1-1: SINGLE (Groundball, 56D, EV 103.1 MPH)
Callum Lynch to third
Runner from 3rd tries for Home, SAFE, throw by LF to home
Batting: RHB Jack Nickleberry 0-0: Ground out 5-3 (Groundball, 15, EV 78.8 MPH)
Danny Runberg to second
Batting: LHB Mototsune Suzuki 0-0: Called Strike
0-1: Ball
1-1: Called Strike
1-2: Foul Ball, location: 2F
1-2: Strikes out swinging
Top of the 6th over - 1 run, 2 hits, 0 errors, 1 left on base; Kingsport 3 - Danville 4
BOTTOM OF THE 6TH
Danville Braves batting - Pitching for Kingsport Mets : RHP John Mason
Batting: RHB Armando Moz 0-0: Ball
1-0: Called Strike
1-1: Foul Ball, location: 2F
1-2: Foul Ball, location: 2F
1-2: Foul Ball, location: 2F
1-2: Strikes out swinging
Pitching: LHP Tony Diaz
Batting: SHB Ian Arlotta 0-0: Called Strike
0-1: Foul Ball, location: 2F
0-2: Ball
1-2: Ball
2-2: Strikes out swinging
Batting: RHB Adonis Jenifer 0-0: Called Strike
0-1: Foul Ball, location: 2F
0-2: Ball
1-2: DOUBLE (Line Drive, 8RXD, EV 106.2 MPH) - OUT at third base trying to stretch hit.
Bottom of the 6th over - 0 runs, 1 hit, 0 errors, 0 left on base; Kingsport 3 - Danville 4
TOP OF THE 7TH
Kingsport Mets batting - Pitching for Danville Braves : RHP Jeremy Mash
Pitching: RHP Seriozha Darzinsh
Batting: RHB John Jones 0-0: Ball
1-0: Fly out, F6 (Line Drive, 6, EV 68.8 MPH)
Batting: RHB Josh Jones 0-0: Ball
1-0: Foul Ball, location: 2F
1-1: Ball
2-1: SINGLE (Groundball, 34S, EV 75.6 MPH) (infield hit)
Batting: RHB Kyle Holland 0-0: Ball
1-0: Ball
2-0: Foul Ball, location: 2F
2-1: Grounds into double play, 5-4-3 (Groundball, 5, EV 82.5 MPH)
Top of the 7th over - 0 runs, 1 hit, 0 errors, 0 left on base; Kingsport 3 - Danville 4
BOTTOM OF THE 7TH
Danville Braves batting - Pitching for Kingsport Mets : LHP Tony Diaz
Pitching: RHP Marvin Merino
Batting: RHB Hisayuki Akiyama 0-0: Ball
1-0: Ball
2-0: Ball
3-0: Called Strike
3-1: Called Strike
3-2: Foul Ball, location: 2F
3-2: SOLO HOME RUN (Flyball, 89XD, EV 103.1 MPH), Distance : 407 ft
Batting: LHB Oke Monti 0-0: Ball
1-0: Swinging Strike
1-1: Called Strike
1-2: Ball
2-2: Ball
3-2: Fly out, F9 (Flyball, 9LD, EV 94.4 MPH)
Batting: LHB Erik Gretzky 0-0: Ball
1-0: Ball
2-0: Called Strike
2-1: TRIPLE (Groundball, 3L, EV 101.9 MPH)
Batting: LHB Alexis Cantu 0-0: Intentional Walk
Batting: RHB Ingidayehu Lagat 0-0: Called Strike
0-1: Ball
1-1: Ball
2-1: Ball
3-1: SINGLE (Groundball, 4MD, EV 98.8 MPH)
Erik Gretzky scores
Alexis Cantu to second
Batting: RHB Zach Hulme 0-0: Ball
1-0: Ball
2-0: Swinging Strike
2-1: Fly out, F4 (Popup, 34D, EV 45.0 MPH)
Pitching: LHP Mike Mathews
Batting: RHB Armando Moz 0-0: Ball
1-0: Foul Ball, location: 2F
1-1: Swinging Strike
1-2: Strikes out swinging
Bottom of the 7th over - 2 runs, 3 hits, 0 errors, 2 left on base; Kingsport 3 - Danville 6
TOP OF THE 8TH
Kingsport Mets batting - Pitching for Danville Braves : RHP Seriozha Darzinsh
Batting: RHB Steve Page 0-0: Ball
1-0: Swinging Strike
1-1: Ball
2-1: Ground out U3 (Groundball, 34S, EV 65.6 MPH)
Batting: SHB Jason Evans 0-0: Ball
1-0: Fly out, F7 (Flyball, 7, EV 80.6 MPH)
Batting: SHB Callum Lynch 0-0: Ball
1-0: Foul Ball, location: 2F
1-1: Ball
2-1: Fly out, F9 (Flyball, 89D, EV 84.4 MPH)
Top of the 8th over - 0 runs, 0 hits, 0 errors, 0 left on base; Kingsport 3 - Danville 6
BOTTOM OF THE 8TH
Danville Braves batting - Pitching for Kingsport Mets : LHP Mike Mathews
Batting: SHB Ian Arlotta 0-0: Called Strike
0-1: Ground out 5-3 (Groundball, 56S, EV 80.0 MPH)
Batting: RHB Adonis Jenifer 0-0: Called Strike
0-1: Swinging Strike
0-2: Ground out U3 (Groundball, 34S, EV 91.9 MPH)
Batting: RHB Hisayuki Akiyama 0-0: Ball
1-0: Called Strike
1-1: Called Strike
1-2: Ball
2-2: Ground out 4-3 (Groundball, 4M, EV 96.9 MPH)
Bottom of the 8th over - 0 runs, 0 hits, 0 errors, 0 left on base; Kingsport 3 - Danville 6
TOP OF THE 9TH
Kingsport Mets batting - Pitching for Danville Braves : RHP Seriozha Darzinsh
Pitching: LHP Shingo Miura
Batting: RHB Danny Runberg 0-0: Ball
1-0: Ball
2-0: Called Strike
2-1: Ball
3-1: Base on Balls
Batting: RHB Jack Nickleberry 0-0: Foul Ball, location: 2F
0-1: Swinging Strike
0-2: Ball
1-2: Foul Ball, location: 2F
1-2: Strikes out looking
Pinch Hitting: RHB Coltin Nellis 0-0: Ball
1-0: Foul Ball, location: 2F
1-1: SINGLE (Groundball, 34D, EV 106.9 MPH)
Danny Runberg to second
Batting: RHB John Jones 0-0: Fielders Choice at 2nd, 4-6 (Groundball, 4, EV 86.9 MPH)
Danny Runberg to third
Batting: RHB Josh Jones 0-0: Ball
1-0: Swinging Strike
1-1: Foul Ball, location: 2F
1-2: Strikes out swinging
Top of the 9th over - 0 runs, 1 hit, 0 errors, 2 left on base; Kingsport 3 - Danville 6
Thursday, March 31st , 2022 - OOTP Baseball 22.12 Build 89